 Dungeon Crawl Stone Soup version 0.31.0-9-g3a7656b989 (webtiles) character file.

Game seed: 7163989099195174209

184 Kenran the Ruffian (level 5, -9/48 HPs)
             Began as an Oni Shapeshifter on Feb 3, 2024.
             Was an Initiate of Gozag.
             Blown up by Ijyb (11 damage)
             ... with a mindburst bolt
             ... on level 3 of the Dungeon.
             The game lasted 00:05:12 (2736 turns).

Kenran the Ruffian (Oni Shapeshifter)               Turns: 2736, Time: 00:05:13

Health: -9/48      AC:  3    Str: 20    XL:     5   Next: 63%
Magic:  5/5        EV:  9    Int: 11    God:    Gozag
Gold:   241        SH:  0    Dex:  8    Spells: 4/4 levels left

rFire   . .          .
                       - Unarmed
rCold   . . .        (no shield)
rNeg    . . .        a - +0 animal skin
rPois   .            (helmet currently unavailable)
rElec   .            (cloak currently unavailable)
rCorr   .            (gloves unavailable)
SInv    .            (boots unavailable)
Will    .....        (no amulet)
Stlth   +            (no ring)
HPRegen 0.28/turn    (no ring)
MPRegen 0.09/turn

%: no passive effects
@: beast-form, hasted, very quick
A: beast (slay +2), large, unfitting armour, horns 1, tough skin 1, double
potion healing, drunken brawling
a: Begin Untransformation, Renounce Religion, Potion Petition, Call Merchant,
Bribe Branch


You were on level 3 of the Dungeon.
You worshipped Gozag.
Gozag was aware of your devotion.
You were a hulking beast.
You visited 1 branch of the dungeon, and saw 4 of its levels.

You collected 281 gold pieces.
You paid 40 gold pieces to Gozag.

Inventory:

Armour
 a - a +0 animal skin (worn)
 b - a +2 cloak of poison resistance
Jewellery
 f - a ring of willpower
 p - a ring of positive energy
Talismans
 c - a beast talisman
 d - a flux talisman
Wands
 o - a wand of flame (7)
Scrolls
 e - 2 scrolls of fear
 g - 2 scrolls of teleportation
 i - a scroll of fog
 k - a scroll of blinking
 n - a scroll of enchant armour
Potions
 h - a potion of attraction {unknown}
 j - a potion of haste
 m - a potion of enlightenment {unknown}
 q - a potion of degeneration {unknown}


   Skills:
 - Level 1.3 Fighting
 - Level 1.7 Dodging
 + Level 4.9 Unarmed Combat
 - Level 4.0 Shapeshifting


You had 4 spell levels left.
You didn't know any spells.
Your spell library contained the following spells:

 Spells                   Type           Power      Damage    Failure   Level
 Foxfire                  Conj/Fire      0%         2x1d4     34%         1
 Plasma Beam              Fire/Air       0%         2x1d10    100%        6
 Starburst                Conj/Fire      0%         6d3       100%        6


Dungeon Overview and Level Annotations

Branches:
Dungeon (4/15)             Temple (0/1) D:4

Altars:
Dithmenos
Elyvilon
Gozag
Kikubaaqudgha
Makhleb
Yredelemnul

Annotations:
D:3 Ijyb


Innate Abilities, Weirdness & Mutations

You are a hulking beast.
Your limbs bulge with bestial killing power. (Slay +2)
You are too large for most types of armour.
You have a pair of small horns on your head.
You have tough skin. (AC +1)
You gain doubled healing and magic from potions.
Whenever you drink a healing potion, you attack all around you.


Message History

An orc comes into view. It is wielding a +0 dagger.
An orc comes into view. It is wielding a +0 hand axe.
The dart slug bites you.
The hound moves out of view.
The orc shouts!
You punch the dart slug!
The dart slug is severely wounded.
A hound comes into view.
A scorpion comes into view.
The dart slug launches a dart at you. The slug dart hits you.
There is a stone staircase leading up here.
Ijyb hits you with a +6 club.
The orc priest begins to cast a cantrip, but forgets the words!
There is a stone staircase leading up here.
Ijyb misses you.
You climb upwards.
There is a stone staircase leading down here.
You closely miss Ijyb. Your headbutt misses Ijyb.
Ijyb zaps a wand.
Your mind is blasted!
You are too injured to fight recklessly!
You barely miss Ijyb. Ijyb hits you with a +6 club!
You hit Ijyb. Your headbutt misses Ijyb.
Ijyb is lightly wounded.
Ijyb barely misses you.
You punch Ijyb!
Ijyb is moderately wounded.
Ijyb hits you with a +6 club.
You barely miss Ijyb. You headbutt Ijyb.
Ijyb is heavily wounded.
Ijyb zaps a wand.
Your mind is blasted!
* * * LOW HITPOINT WARNING * * *
You barely miss Ijyb. You headbutt Ijyb.
Ijyb is severely wounded.
Ijyb hits you with a +6 club.
* * * LOW HITPOINT WARNING * * *
Okay, then.
Okay, then.
It was a potion of haste.
You feel yourself speed up.
Ijyb zaps a wand.
Your mind is blasted!
You die...

####### ......#### .........#
.........# #####.##.# #.##.#
#.##.########## #.##.......gh.#
#####.##.###.####.#
......##.###)# #.#
########.<...####.# ###
#................#############..
#.#####.##..####................
#.# #.##........###.#####.##..
#.# #.##..####.## #.# #.###. #.#
#.##..####.####.#####.# #.


You could see Ijyb.

Vanquished Creatures
  Crazy Yiuf (D:2)
  4 adders
  5 gnolls
  3 ribbon worms
  4 ball pythons
  A bat (D:2)
  5 endoplasms
  5 giant cockroaches
  12 goblins
  7 hobgoblins
  A quokka (D:1)
  4 frilled lizards
  4 kobolds
  9 rats
65 creatures vanquished.

Notes
Turn   | Place    | Note
-------+----------+-------------------------------------------
     0 | D:1      | Kenran the Oni Shapeshifter began the quest for the Orb.
     0 | D:1      | Reached XP level 1. HP: 19/19 MP: 1/1
   193 | D:1      | Reached XP level 2. HP: 20/27 MP: 2/2
   626 | D:1      | Found a faded altar of an unknown god.
   772 | D:2      | Reached XP level 3. HP: 21/33 MP: 3/3
   870 | D:2      | Identified the +5 hammer "Bidukaum" {freeze, ^Contam rElec
                  | rN+ Str+3}
   876 | D:2      | Found a runed translucent door.
   877 | D:2      | Noticed Crazy Yiuf
   885 | D:2      | Killed Crazy Yiuf
   965 | D:2      | Reached XP level 4. HP: 41/41 MP: 4/4
  1439 | D:2      | Reached XP level 5. HP: 47/48 MP: 5/5
  1857 | D:3      | Found a basalt altar of Yredelemnul.
  1861 | D:3      | Found a burning altar of Makhleb.
  1908 | D:3      | Found an opulent altar of Gozag.
  1908 | D:3      | Found a white marble altar of Elyvilon.
  1910 | D:3      | Found an ancient bone altar of Kikubaaqudgha.
  1910 | D:3      | Found a shadowy altar of Dithmenos.
  1917 | D:3      | Became a worshipper of Gozag Ym Sagoz the Greedy
  2717 | D:4      | Found a staircase to the Ecumenical Temple.
  2720 | D:4      | Noticed Ijyb
  2735 | D:3      | HP: 2/48 [Ijyb/+6 club (4)]
  2736 | D:3      | Blown up by Ijyb

Illustrated notes

Levels and vault maps discovered:
D:1:      lightli_arrival_quake, layout_loops_ring,
          shapermc_ecumenical_altar_hornbeckon
D:2:      layout_basic, uniq_crazy_yiuf_cottage
D:3:      cheibrodos_greedy_goblins, layout_loops_ring,
          grunt_temple_overflow_open
D:4:      layout_basic, minmay_temple_entry_mini_moons, uniq_ijyb

Skill      XL: |  1  2  3  4 |
---------------+-------------+-----
Unarmed Combat | 3 4 |  4.9
Shapeshifting  | 4 |  4.0
Fighting       | |  1.3
Dodging        | |  1.7

Action                     |  1- 3 |  4- 6 || total
---------------------------+-------+-------++-------
  Melee: Unarmed           |    66 |   102 ||   168
         Headbutt          |     9 |    13 ||    22
         Punch             |     1 |     1 ||     2
    Use: Potion            |     1 |     2 ||     3
         Scroll            |       |     6 ||     6
 Armour: Animal skin       |    35 |    68 ||   103
         Skin              |     4 |       ||     4
  Dodge: Dodged            |    22 |    29 ||    51
